 Dungeon Crawl Stone Soup version 0.29-a0-222-g5b244fca1f (webtiles) character file.

Game seed: 2754902657370312426

416 Azmakalis the Tainter (level 6, -4/36 HPs)
             Began as an Octopode Venom Mage on Feb 27, 2022.
             Slain by a black bear (6 damage)
             ... on level 4 of the Dungeon.
             The game lasted 00:13:15 (5024 turns).

Azmakalis the Tainter (Octopode Venom Mage)         Turns: 5024, Time: 00:13:16

Health: -4/36      AC:  1    Str: 13    XL:     6   Next: 92%
Magic:  5/11       EV: 28    Int: 20    God:
Gold:   154        SH:  0    Dex: 12    Spells: 2/12 levels left

rFire   . . .      SeeInvis .   o - +2 dagger (speed)
rCold   . . .      Faith    .   (no shield)
rNeg    . . .      Spirit   .   r - +0 hat
rPois   .          Reflect  .   n - amulet of the acrobat
rElec   .          Harm     .   W - ring of wizardry {Wiz+}
rCorr   .          Rampage  .   u - +6 ring of strength
Will    .....                   (no ring)
Stlth   +++.......              (no ring)
HPRegen 0.12/turn               (no ring)
MPRegen 0.12/turn               (no ring)
                                (no ring)
                                (no ring)

@: acrobatic
A: almost no armour, amphibious, 8 rings, camouflage 1, gelatinous body 1,
(nimble swimmer 1), tentacles
a: no special abilities


You were on level 4 of the Dungeon.
You visited 2 branches of the dungeon, and saw 5 of its levels.

You collected 154 gold pieces.

Inventory:

Hand Weapons
 o - a +2 dagger of speed (weapon)
 t - a +2 dagger of holy wrath
Missiles
 s - a curare-tipped dart
Armour
 r - a +0 hat (worn)
Jewellery
 n - an amulet of the acrobat (around mantle)
 u - a +6 ring of strength (right tentacle)
 W - a ring of wizardry (left tentacle) {Wiz+}
Wands
 d - a wand of charming (6)
 m - a wand of polymorph (7)
 p - a wand of flame (13)
Scrolls
 b - a scroll of fear {unknown}
 c - a scroll of holy word {!r}
 g - a scroll of acquirement {unknown}
 l - 2 scrolls of teleportation {unknown}
 v - a scroll of fog {unknown}
 B - 5 scrolls of blinking {!r}
Potions
 a - 7 potions of heal wounds
 e - 2 potions of attraction {!q}
 f - 2 potions of ambrosia
 h - a potion of lignification {unknown}
 i - a potion of mutation {unknown}
 j - a potion of brilliance {unknown}
 k - a potion of invisibility {unknown}
 q - 3 potions of curing


   Skills:
 - Level 2.0 Dodging
 - Level 2.6 Stealth
 + Level 3.6 Spellcasting
 - Level 1.0 Transmutations
 - Level 8.0 Poison Magic


You had 2 spell levels left.
You knew the following spells:

 Your Spells              Type           Power      Damage    Failure   Level
a - Sting                 Tmut/Pois      84%        1d7       1%          1
b - Poisonous Vapours     Pois/Air       38%        N/A       1%          2
c - Olgreb's Toxic Radia  Pois           35%        N/A       1%          4
x - Mephitic Cloud        Conj/Pois/Air  14%        N/A       5%          3

Your spell library contained the following spells:

 Spells                   Type           Power      Damage    Failure   Level


Dungeon Overview and Level Annotations

Branches:
Dungeon (4/15)             Temple (1/1) D:4

Altars:
Ashenzari
Cheibriados
Dithmenos
Elyvilon
Fedhas
Hepliaklqana
Kikubaaqudgha
Makhleb
Okawaru
Ru
Sif Muna
Uskayaw
Wu Jian
Xom


Innate Abilities, Weirdness & Mutations

You cannot wear most types of armour.
You are amphibious.
You can wear up to eight rings at the same time.
Your skin changes colour to match your surroundings (Stealth+).
Your rubbery body absorbs attacks. (AC +1, EV +1)
((You are camouflaged when in or above water. (Stealth+)))
You have tentacles for arms and can constrict up to eight enemies at once.


Message History

A black bear comes into view.
The black bear growls angrily.
Aim: a black bear Poisonous vapours surround the black bear!
The black bear is poisoned.
The black bear bites you. The black bear claws you.
The black bear closely misses you.
You take 6 damage, and have 30/36 hp.
You now have 9/11 mp.
Aim: a black bear (lightly wounded, poisoned) Poisonous vapours surround the black bear!
The black bear looks even sicker.
The black bear completely misses you. The black bear claws you. x2
You take 8 damage, and have 22/36 hp.
MASSIVE DAMAGE!!
You now have 7/11 mp.
Unknown command.
Aim: a black bear (lightly wounded, very poisoned) Poisonous vapours surround the black bear!
The black bear looks as sick as possible!
The black bear barely misses you. The black bear misses you.
The black bear closely misses you.
You now have 5/11 mp.
You see here a +0 giant club.
Aim: a black bear (heavily wounded, very poisoned) Poisonous vapours surround the black bear!
The black bear looks as sick as possible!
The black bear bites you. The black bear barely misses you.
The black bear claws you.
You take 3 damage, and have 20/36 hp.
You now have 4/11 mp.
The black bear goes berserk!
You see here a +0 whip.
You hit the black bear. The black bear bites you!
* * * LOW HITPOINT WARNING * * *
The black bear misses you. The black bear claws you.
* * * LOW HITPOINT WARNING * * *
You take 19 damage, and have 2/36 hp.
MASSIVE DAMAGE!!
Unknown command.
You hear an angry growl.
The black bear barely misses you. x2; The black bear claws you.
You die...

##..# #####.#..# #########
#...#.... #.......# #......#
#.......# #.....# #.......#
#....# #.......###)...#
#..........#h..#
#####.......##.#@.##
...............#..#
####.......)####..#
####..............#
..................#
.#####..........#.##
##...#####.#....#..# #.
..._.....'.#............. ..#.###
##...#####.#..#.##....#.#.#......


You could see a black bear (berserk, very poisoned).

Levels and vault maps discovered:
D:1:      lightli_arrival_flooded_house, layout_basic,
          ebering_ecumenical_altar_hall, st_stairs_8
D:2:      layout_basic, minmay_joined_circles
D:3:      layout_basic, jmf_multi_god_temple2, minmay_misc_feat_tower,
          corexii_shack, minmay_quadrilaterals, uniq_robin
D:4:      layout_rooms, mainiacjoe_overflow_surrounded_room,
          minmay_temple_entry_ruins, uniq_grinder
Temple:   minmay_temple_curvy_loop

Notes
Turn   | Place    | Note
-------+----------+-------------------------------------------
     0 | D:1      | Azmakalis the Octopode Venom Mage began the quest for the
                  | Orb.
     0 | D:1      | Reached XP level 1. HP: 11/11 MP: 3/3
    46 | D:1      | Reached skill level 4 in Poison Magic
    80 | D:1      | Identified a +0 whip
   231 | D:1      | Reached XP level 2. HP: 17/17 MP: 5/5
   234 | D:1      | Learned a level 2 spell: Poisonous Vapours
   247 | D:1      | Found a faded altar of an unknown god.
   533 | D:1      | Identified a +0 club
  1055 | D:2      | Identified a +0 short sword
  1350 | D:2      | Identified a +0 club
  1568 | D:2      | Identified a +0 club
  1577 | D:2      | Reached skill level 5 in Poison Magic
  1577 | D:2      | Reached XP level 3. HP: 21/21 MP: 6/6
  1581 | D:2      | Learned a level 3 spell: Mephitic Cloud
  1597 | D:2      | Identified a +0 dagger
  1715 | D:2      | Identified a +0 long sword
  1720 | D:2      | Identified an amulet of the acrobat
  1765 | D:3      | Identified a +0 club
  1768 | D:3      | Identified a +0 hand axe
  1905 | D:3      | Identified a +0 dagger
  1912 | D:3      | Identified a +0 dagger
  2137 | D:3      | Reached XP level 4. HP: 25/27 MP: 2/7
  2195 | D:3      | Identified a +0 club
  2296 | D:3      | Identified a +0 club
  2297 | D:3      | Identified a +0 short sword
  2297 | D:3      | Identified a +2 animal skin
  2297 | D:3      | Identified a +0 helmet
  2297 | D:3      | Noticed Robin
  2300 | D:3      | Identified a +2 dagger of speed
  2330 | D:2      | Identified 6 scrolls of blinking
  2331 | D:2      | Identified 5 scrolls of identify
  2331 | D:2      | Identified 5 potions of heal wounds
  2491 | D:2      | Identified 2 potions of attraction
  2492 | D:2      | Identified 2 potions of ambrosia
  2493 | D:2      | Identified 2 potions of degeneration
  2537 | D:3      | Identified a +0 whip
  2537 | D:3      | Identified a +0 leather armour
  2544 | D:3      | Reached skill level 6 in Poison Magic
  2687 | D:3      | Found a large runed translucent door.
  2688 | D:3      | Found a large runed translucent door.
  2696 | D:3      | Identified a ring of wizardry
  2716 | D:3      | Identified a +0 flail
  2718 | D:3      | Identified a +0 short sword
  2718 | D:3      | Identified a +0 falchion
  2739 | D:3      | Identified a +0 hand axe
  2848 | D:3      | Identified a +0 hand axe
  2927 | D:3      | Identified a +0 ring mail
  2955 | D:3      | Identified a +0 dagger
  3010 | D:3      | Identified a +0 spear
  3089 | D:3      | Identified a +0 club
  3123 | D:3      | Identified a +0 hat
  3188 | D:3      | Identified a +0 club
  3189 | D:3      | Identified a +0 whip
  3189 | D:3      | Noticed a kobold brigand
  3197 | D:3      | Identified a +0 dagger
  3203 | D:3      | Identified a +0 club
  3208 | D:3      | Killed Robin
  3209 | D:3      | Reached XP level 5. HP: 24/31 MP: 2/8
  3309 | D:3      | Identified a +0 mace
  3324 | D:3      | Killed a kobold brigand
  3325 | D:3      | Reached skill level 7 in Poison Magic
  3847 | D:3      | Identified a +0 short sword
  3847 | D:3      | Identified a +0 hand axe
  3848 | D:3      | Identified a +2 dagger of holy wrath
  3848 | D:3      | Identified a +0 leather armour
  3859 | D:3      | Identified a +0 club
  3868 | D:3      | Identified a +0 hand axe
  3954 | D:3      | Identified a +0 war axe
  3956 | D:3      | Found a sacrificial altar of Ru.
  3978 | D:3      | Found a broken altar of Ashenzari.
  3997 | D:4      | Identified a +0 short sword
  4005 | D:4      | Identified a +0 short sword
  4006 | D:4      | Reached skill level 8 in Poison Magic
  4006 | D:4      | Reached XP level 6. HP: 21/36 MP: 4/9
  4267 | D:4      | Found a staircase to the Ecumenical Temple.
  4276 | Temple   | Entered the Ecumenical Temple
  4550 | D:4      | Identified a +0 whip
  4552 | D:4      | Identified a +0 hand axe
  4569 | D:4      | Identified a +6 ring of strength
  4578 | D:4      | Identified a +0 club
  4578 | D:4      | Identified a +0 ring mail
  4579 | D:4      | Identified a +0 dagger
  4579 | D:4      | Identified a +0 robe
  4624 | D:4      | Identified a +0 dagger
  4624 | D:4      | Identified a +0 robe
  4840 | D:4      | Found an ancient bone altar of Kikubaaqudgha.
  4846 | D:4      | Learned a level 4 spell: Olgreb's Toxic Radiance
  4867 | D:4      | Identified a +0 giant club
  4880 | D:4      | Reached skill level 3 in Spellcasting
  4948 | D:4      | Identified a +0 whip
  4957 | D:4      | Identified 3 potions of curing
  4958 | D:4      | Identified a scroll of holy word
  4991 | D:4      | Noticed a black bear
  5022 | D:4      | HP: 8/36 [black bear (13)]
  5022 | D:4      | HP: 2/36 [black bear (6)]
  5024 | D:4      | Slain by a black bear

Table legend: (Time is in decaauts)
 A = Elapsed time spent in this place.
 B = Non-inter-level travel time spent in this place.
 C = Inter-level travel time spent in this place.
 D = Time resting spent in this place.
 E = Time spent auto-exploring this place.
 F = Levels seen in this place.
 G = Mean time per level.
                   A        B        C        D        E       F      G
               +--------+--------+--------+--------+--------+-----+--------+
         Total |   4997 |   4923 |     74 |    607 |   3541 |   5 |  999.4 |
       Dungeon |   4793 |   4726 |     67 |    607 |   3351 |   4 | 1198.2 |
        Temple |    203 |    196 |      7 |      0 |    190 |   1 |  203.0 |
               +--------+--------+--------+--------+--------+-----+--------+

Top non-repeatable levels by time:
     D:3: 2026 daAuts
     D:2: 1379 daAuts
     D:1: 750 daAuts
     D:4: 637 daAuts
  Temple: 203 daAuts

Table legend:
 A = Kills in this place as a percentage of kills in entire the game.
 B = Kills by you in this place as a percentage of kills by you in the entire game.
 C = Kills by friends in this place as a percentage of kills by friends in the entire game.
 D = Other kills in this place as a percentage of other kills in the entire game.
 E = Experience gained in this place as a percentage of experience gained in the entire game.
 F = Experience gained in this place divided by the number of levels of this place that you have seen.
                   A       B       C       D       E      F
               +-------+-------+-------+-------+-------+----------------------
         Total | 100.0 | 100.0 |   N/A |   N/A | 100.0 | 119.0
       Dungeon | 100.0 | 100.0 |   N/A |   N/A | 100.0 | 148.8
               +-------+-------+-------+-------+-------+----------------------

Skill      XL: |  1  2  3  4  5  6 |
---------------+-------------------+-----
Poison Magic   | 4 5 6 8 |  8.0
Spellcasting   | 3 |  3.6
Dodging        | |  2.0
Stealth        | |  2.6
Transmutations | |  1.0

Action                   |  1- 3 |  4- 6 || total
-------------------------+-------+-------++-------
Melee: Whip              |    59 |     7 ||    66
       Constrict         |    21 |    28 ||    49
       Unarmed           |     2 |       ||     2
       Tentacles         |    17 |    30 ||    47
       Dagger            |       |    99 ||    99
       Punch             |       |     3 ||     3
 Cast: Sting             |     2 |       ||     2
       Poisonous Vapours |    22 |    60 ||    82
       Mephitic Cloud    |       |     1 ||     1
Evoke: Wand              |       |     3 ||     3
  Use: Scroll            |       |     7 ||     7
 Stab: Sleeping          |     6 |     1 ||     7
       Confused          |       |     2 ||     2
Armor: Skin              |     4 |     5 ||     9
Dodge: Dodged            |    41 |    60 ||   101

Vanquished Creatures
  An ogre (D:4)
  A kobold brigand (D:3)
  A hound (D:4)
  2 orc wizards (D:4)
  Robin (D:3)
  6 adders
  4 worms
  3 dart slugs
  19 orcs
  7 ball pythons
  4 bats
  8 endoplasms
  3 giant cockroaches
  10 goblins
  6 hobgoblins
  7 kobolds
  A quokka (D:2)
  2 frilled lizards
  6 rats
92 creatures vanquished.

Vanquished Creatures (others)
  A plant (D:3)
1 creature vanquished.

Grand Total: 93 creatures vanquished
